 Dungeon Crawl Stone Soup version 0.22.1-1-ga44c0e56f4 (webtiles) character file.

100 PikkenKukken the Digger (level 4, -5/25 HPs)
             Began as a Gargoyle Earth Elementalist on Oct 1, 2018.
             Killed from afar by Sigmund (10 damage)
             ... with a puff of flame
             ... on level 2 of the Dungeon.
             The game lasted 00:07:21 (2844 turns).

PikkenKukken the Digger (GrEE)                      Turns: 2844, Time: 00:07:22

Health: -5/25      AC:  6    Str: 11    XL:     4   Next: 74%
Magic:  2/7        EV: 11    Int: 17    God:
Gold:   119        SH:  0    Dex: 10    Spells: 1/7 levels left

rFire    . . .     SeeInvis .   a - +2 short sword (holy)
rCold    . . .     Gourm    .   (no shield)
rNeg     + . .     Faith    .   j - +0 leather armour
rPois    ∞         Spirit   .   (no helmet)
rElec    +         Reflect  .   (no cloak)
rCorr    .         Harm     .   (no gloves)
MR       .....                  (no boots)
Stlth    ++........             (no amulet)
HPRegen  0.08/turn              (no ring)
MPRegen  0.10/turn              (no ring)

@: no status effects
A: negative energy resistance 1, electricity resistance, unbreathing,
petrification resistance, rot immunity, AC +3
a: no special abilities


You were on level 2 of the Dungeon.
You were not hungry.

You visited 1 branch of the dungeon, and saw 2 of its levels.

You collected 119 gold pieces.

Inventory:

Hand Weapons
 a - a +2 short sword of holy wrath (weapon)
Missiles
 b - 137 stones (quivered)
Armour
 c - a +0 robe
 j - a +0 leather armour (worn)
Jewellery
 g - an uncursed amulet of guardian spirit {unknown}
 h - an uncursed amulet of magic regeneration {unknown}
 i - a +4 ring of evasion {unknown}
 m - a +2 ring of protection {unknown}
Potions
 e - a potion of curing
Comestibles
 d - 4 rations
 k - 2 chunks of flesh


   Skills:
 + Level 1.3 Fighting
 + Level 1.3 Armour
 - Level 1.5 Dodging
 - Level 2.1 Stealth
 - Level 2.0 Spellcasting
 - Level 0.7 Transmutations
 + Level 5.8 Earth Magic


You had one spell level left.
You knew the following spells:

 Your Spells              Type           Power        Failure   Level  Hunger
a - Sandblast             Erth           ###...       2%          1    #......
b - Passwall              Tmut/Erth      ##......     10%         2    ###....
c - Stone Arrow           Conj/Erth      ##....       22%         3    ###....

Your spell library contained the following spells:

 Spells                   Type           Power        Failure   Level  Hunger
 Animate Skeleton         Necr           N/A          26%         1    #......
 Apportation              Tloc           #.....       26%         1    #......
 Confusing Touch          Hex            #.....       26%         1    #......
 Summon Small Mammal      Summ           #...         26%         1    #......
 Petrify                  Tmut/Erth      ##......     54%         4    #####..
 Lee's Rapid Deconstruct  Erth           ###.......   54%         5    ######.


Dungeon Overview and Level Annotations

Branches:
Dungeon (2/15)

Altars:
Fedhas

Annotations:
D:2 Sigmund


Innate Abilities, Weirdness & Mutations

You are resistant to torment.
Your stone body is resilient. (AC +3)
You are immune to poison.
You resist negative energy. (rN+)
You are resistant to electric shocks. (rElec)
You can survive without breathing.
You are immune to petrification.
You are immune to rotting.


Message History

You start resting.
Something hits you but does no damage. Something hits you.
You feel less confused.
You hear some strange, mumbled words.
Something tries to affect you, but you resist.
Something hits you.
Some of the chunks of flesh in your inventory have rotted away.
You feel less wooden.
Your +0 leather armour unmelds from your body.
Something hits you.
* * * LOW HITPOINT WARNING * * *
You hear some strange, mumbled words.
Something tries to affect you, but you resist.
A magic dart appears from out of thin air!
The magic dart hits you!
* * * LOW HITPOINT WARNING * * *
You see here 19 sling bullets.
A puff of flame appears from out of thin air!
The puff of flame hits you!
You die...

### ### ## ..## ##.## ..
...###.#.############# @#
....#.#.<..........(.#### .#
.....#...##.............# .#
............>....###)##.#######.#
.....######.####@###.#...##......
#......[....# #....({........†..
#.######.#### #####.....######.#
.........# #..#.## .#
...#####.#### ##.#.# .. ...#
#.....# #.#.# ## ..## #.#...#
#.#.# ..# #.....# #.#.# ..#
####..# #...#


There were no monsters in sight!

Vanquished Creatures
  4 adders (D:2)
  An ooze (D:2)
  2 dart slugs
  A ball python (D:1)
  A giant cockroach (D:1)
  4 goblins (D:1)
  6 hobgoblins
  10 jackals
  A quokka (D:2)
  7 bats
  A frilled lizard (D:2)
  10 kobolds
  4 rats
52 creatures vanquished.

Notes
Turn   | Place    | Note
-------+----------+-------------------------------------------
     0 | D:1      | PikkenKukken the Gargoyle Earth Elementalist began the
                  | quest for the Orb.
     0 | D:1      | Reached XP level 1. HP: 10/10 MP: 3/3
   350 | D:1      | Reached skill level 4 in Earth Magic
   401 | D:1      | Reached XP level 2. HP: 15/15 MP: 0/5
   448 | D:1      | Learned a level 2 spell: Passwall
  1044 | D:1      | Reached XP level 3. HP: 19/19 MP: 3/6
  1101 | D:1      | Reached skill level 5 in Earth Magic
  1641 | D:1      | Found a blossoming altar of Fedhas.
  1651 | D:1      | Learned a level 3 spell: Stone Arrow
  2095 | D:2      | Reached XP level 4. HP: 24/24 MP: 1/7
  2323 | D:2      | Reached skill level 1 in Fighting
  2323 | D:2      | Reached skill level 1 in Armour
  2810 | D:2      | Noticed Sigmund
  2844 | D:2      | Killed from afar by Sigmund

Skill      XL: |  1  2  3  4 |
---------------+-------------+-----
Earth Magic    | 4 5 |  5.8
Fighting       | 1 |  1.3
Armour         | 1 |  1.3
Dodging        | |  1.5
Stealth        | |  2.1
Spellcasting   | |  2.0
Transmutations | |  0.7

Action                   |  1- 3 |  4- 6 || total
-------------------------+-------+-------++-------
Melee: Unarmed           |    23 |       ||    23
       Short sword       |    14 |    24 ||    38
 Cast: Sandblast         |    53 |     6 ||    59
       Passwall          |     6 |       ||     6
       Stone Arrow       |     4 |     3 ||     7
  Use: Scroll            |     2 |       ||     2
       Potion            |       |     2 ||     2
  Eat: Chunk             |     5 |     3 ||     8
Armor: Robe              |    25 |       ||    25
       Leather armour    |    12 |    13 ||    25
       Skin              |       |     4 ||     4
Dodge: Dodged            |    72 |    14 ||    86
